 Dungeon Crawl Stone Soup version 0.28.0-45-g0d030f2227 (webtiles) character file.

Game seed: 504393573409664358

87 Descartes the Grasshopper (level 4, -2/33 HPs)
             Began as a Formicid Warper on Apr 24, 2022.
             Slain by an adder (4 damage)
             ... on level 3 of the Dungeon.
             The game lasted 00:03:55 (2925 turns).

Descartes the Grasshopper (Formicid Warper)         Turns: 2925, Time: 00:03:55

Health: -2/33      AC:  4    Str: 17    XL:     4   Next: 80%
Magic:  7/7        EV: 11    Int: 13    God:
Gold:   84         SH:  0    Dex: 10    Spells: 7/7 levels left

rFire   + . .      SeeInvis +   a - +0 hand axe
rCold   . . .      Faith    .   (no shield)
rNeg    . . .      Spirit   .   b - +1 leather armour
rPois   .          Reflect  .   (helmet unavailable)
rElec   .          Harm     .   (no cloak)
rCorr   .          Rampage  .   (no gloves)
Will    .....                   (no boots)
Stlth   +.........              (no amulet)
HPRegen 0.11/turn               e - ring of protection from fire
MPRegen 0.10/turn               (no ring)

@: lethally poisoned (-2 -> -6), very slow
A: permanent stasis, dig shafts and tunnels, antennae 3, four strong arms
a: Dig, Shaft Self


You were on level 3 of the Dungeon.
You visited 1 branch of the dungeon, and saw 3 of its levels.

You collected 84 gold pieces.

Inventory:

Hand Weapons
 a - a +0 hand axe (weapon)
Missiles
 c - 5 boomerangs of dispersal (quivered)
 d - 101 stones
 f - 67 arrows
Armour
 b - a +1 leather armour (worn)
Jewellery
 e - a ring of protection from fire (left hand)
Scrolls
 g - a scroll of enchant armour
 h - a scroll of amnesia
 i - a scroll of immolation


   Skills:
 - Level 2.1 Fighting
 * Level 3.2 Axes
 - Level 1.0 Throwing
 + Level 2.3 Armour
 - Level 1.7 Dodging
 + Level 1.5 Shields
 - Level 2.1 Spellcasting
 + Level 3.2 Translocations


You had 7 spell levels left.
You didn't know any spells.
Your spell library contained the following spells:

 Spells                   Type           Power      Damage    Failure   Level
 Gell's Gravitas          Tloc           9%         N/A       22%         3
 Lesser Beckoning         Tloc           9%         N/A       22%         3
 Teleport Other           Tloc           9%         N/A       22%         3
 Manifold Assault         Tloc           9%         N/A       91%         5
 Blink                    Tloc           Unusable   N/A       N/A         2

Dungeon Overview and Level Annotations

Branches:
Dungeon (3/15)

Altars:

Portals:
Sewer: D:3

Annotations:
D:3 3 runed translucent doors


Innate Abilities, Weirdness & Mutations

You cannot be hasted, slowed, berserked, paralysed or teleported.
You can dig through walls and to a lower floor.
You have a pair of large antennae on your head. (SInv)
Your four strong arms can wield two-handed weapons with a shield.


Message History

The adder bites you.
You are poisoned.
The adder poisons you!
You closely miss the adder.
You feel sick.
The adder bites you but does no damage. x2
You hit the adder.
The adder is lightly wounded.
You feel sick. The adder completely misses you.
Your unstable footing causes you to fumble your attack.
You feel sick. The adder closely misses you. The quokka closely misses you.
The adder closely misses you.
You feel sick.
You feel sick.
You are no longer poisoned.
The adder bites you. The quokka barely misses you. The quokka bites you.
The adder misses you. The quokka closely misses you.
You see here a rat corpse.
The adder bites you but does no damage. The adder misses you.
You hit the adder but do no damage. The adder barely misses you.
Your unstable footing causes you to fumble your attack.
The adder bites you.
* * * LOW HITPOINT WARNING * * *
You hit the adder but do no damage. The adder closely misses you.
The adder barely misses you.
You hit the adder.
The adder is moderately wounded.
The adder bites you.
* * * LOW HITPOINT WARNING * * *
The adder bites you.
* * * LOW HITPOINT WARNING * * *
You are lethally poisoned!
The adder poisons you!
You aren't carrying any potions.
Unknown command.
You aren't carrying any potions.
As you read the scroll of enchant armour, it crumbles to dust.
Your +0 leather armour glows green for a moment.
* * * LOW HITPOINT WARNING * * *
You feel sick. The adder bites you.
You die...

### ###########
##≈######≈#.......#
#≈≈≈≈≈≈†≈≈†######.#
#≈≈≈####≈≈≈# #...
##≈##≈≈##≈######..#
#≈# ∩≈≈#≈#........
#@# ≈≈≈#≈#..####.#
##S##≈≈##≈## #.#
#≈r≈#≈≈#≈≈≈# #.#
#≈≈≈≈≈≈#≈≈≈# #.#
##≈######≈## #.#
### #†# ..# #.# ###
... { ##.##


You could see an adder and a quokka.

Vanquished Creatures
  4 adders
  A worm (D:3)
  A dart slug (D:2)
  3 ball pythons
  2 endoplasms (D:1)
  5 giant cockroaches
  4 goblins
  3 hobgoblins
  4 jackals (D:1)
  3 kobolds
  2 quokkas (D:3)
  4 bats
  2 frilled lizards
  6 rats
44 creatures vanquished.

Vanquished Creatures (others)
  2 fungi (D:1)
2 creatures vanquished.

Grand Total: 46 creatures vanquished

Notes
Turn   | Place    | Note
-------+----------+-------------------------------------------
     0 | D:1      | Descartes the Formicid Warper began the quest for the Orb.
     0 | D:1      | Reached XP level 1. HP: 16/16 MP: 3/3
   250 | D:1      | Reached XP level 2. HP: 17/22 MP: 5/5
   430 | D:1      | Found a faded altar of an unknown god.
  1375 | D:2      | Reached XP level 3. HP: 13/27 MP: 6/6
  1806 | D:2      | Reached skill level 1 in Shields
  1993 | D:2      | Reached XP level 4. HP: 6/33 MP: 7/7
  2782 | D:3      | Found a runed translucent gate.
  2782 | D:3      | Found a runed translucent gate.
  2782 | D:3      | Found a runed translucent gate.
  2912 | D:3      | Found a glowing drain.
  2925 | D:3      | Slain by an adder

Illustrated notes

Levels and vault maps discovered:
D:1:      nagdon_arrival_zigzag_paths, layout_basic,
          shapermc_ecumenical_altar_mp_ritualfount
D:2:      layout_basic
D:3:      layout_loops_ring, mainiacjoe_overflow_paths,
          chequers_temple_overflow_statue_of_worship,
          mainiacjoe_overflow_large_starburst, gammafunk_ghost_icy,
          gup_sewer_entry_bubbles, minmay_gold_behind_fungi, uniq_robin

Skill      XL: |  1  2  3  4 |
---------------+-------------+-----
Translocations | 3 |  3.2
Armour         | 2 |  2.3
Shields        | 1 |  1.5
Axes           | 3 |  3.2
Fighting       | |  2.1
Throwing       | |  1.0
Dodging        | |  1.7
Spellcasting   | |  2.1

Action                   |  1- 3 |  4- 6 || total
-------------------------+-------+-------++-------
Melee: Hand axe          |   122 |    70 ||   192
 Abil: Dig               |       |     1 ||     1
  Use: Scroll            |       |     4 ||     4
       Potion            |       |     1 ||     1
Armor: Leather armour    |    29 |    18 ||    47
Dodge: Dodged            |    94 |    41 ||   135
